 Dungeon Sprint DCSS version 0.21.1-1-g345015f (webtiles) character file.

8300000 Fang the Axe Maniac (level 27, -1/273 HPs)
             Began as a Minotaur Gladiator on May 4, 2018.
             Was the Champion of Makhleb.
             Killed by the air
             ... invoked by a tyrant
              (21 damage)
             ... in the Dungeon (Sprint VIII: "Arena of Blood").
             The game lasted 00:01:30 (83 turns).

Fang the Axe Maniac (Minotaur Gladiator)              Turns: 83, Time: 00:01:30

Health: -1/273     AC:  6    Str: 29    XL:     27
Magic:  29/53      EV: 31    Int:  5    God:    Makhleb [******]
Gold:   0          SH:  0    Dex: 15    Spells: 80/80 levels left

rFire    . . .     SeeInvis .   l - +∞ Axe of Woe
rCold    . . .     Gourm    .   (shield currently unavailable)
rNeg     . . .     Faith    .   b - +0 leather armour
rPois    .         Spirit   .   c - +0 hat
rElec    .         Reflect  .   (no cloak)
rCorr    .         Harm     .   (no gloves)
MR       ++...     NoTele   +   (no boots)
Stlth    +++++++++.             (no amulet)
HPRegen  0.55/turn              (no ring)
MPRegen  0.33/turn              (no ring)

@: drained
A: retaliatory headbutt, horns 2
a: Minor Destruction, Lesser Servant of Makhleb, Major Destruction, Greater
Servant of Makhleb, Renounce Religion


You were in the Dungeon.
You worshipped Makhleb.
Makhleb was exalted by your worship.
You were not hungry.

You visited 1 branch

Inventory:

Hand Weapons
 a - a +0 war axe
 l - the +∞ Axe of Woe (weapon)
   (You found it in the Dungeon)
Missiles
 d - 3 throwing nets (quivered)
Armour
 b - a +0 leather armour (worn)
 c - a +0 hat (worn)
Scrolls
 k - a scroll of blinking
Potions
 e - a potion of curing
 g - a potion of heal wounds
 h - a potion of haste
 i - 2 potions of magic
 j - a potion of berserk rage
Comestibles
 f - a ration


   Skills:
 O Level 27(26.6) Fighting
 O Level 27(26.6) Axes
 O Level 27(26.6) Throwing
 O Level 27(26.6) Armour
 O Level 27(26.6) Dodging
 O Level 27(26.6) Stealth
 O Level 27(26.6) Unarmed Combat
 O Level 27(26.6) Spellcasting
 O Level 27(26.6) Invocations


You had 80 spell levels left.
You didn't know any spells.

Dungeon Overview and Level Annotations

Branches:
Dungeon (1/1)

Altars:
Makhleb


Innate Abilities, Weirdness & Mutations

You reflexively headbutt those who attack you in melee.
You have a pair of horns on your head.


Message History

The meat beast bleats!
The meat berserker shouts!
You hear a shout!
The tyrant touches you.
* * * LOW HITPOINT WARNING * * *
You feel drained.
You hear a shout!
The large abomination misses you.
You hear a shout! x4
The eight-headed meat hydra calls on the powers of darkness!
The eight-headed meat hydra convulses! x2; The bag of meat convulses! x3
The meat berserker convulses!
The bag of meat convulses!
Your body is wracked with pain!
* * * LOW HITPOINT WARNING * * *
The meat berserker convulses!
You hear a shout! x5
The small abomination completely misses you.
The tentacled monstrosity is engulfed in blazing flames.
The sculptor of flesh is engulfed in blazing flames.
The tyrant waves its bony arms in wide circles.
The air twists around and strikes you!
You die...

. #.......# #...
#.......# .
D..O###.).....###..
.%.%...))###...D...
.#%%...)%)_.%......
.%...%%#x)§x)#..
.......#X)<._#
....%{.#x)%..#%.
.#%.O3O@)x_....%.
....o.X.L###...%..
...o###z§§X.%.###.
..o. #§§X§X..# .
#§§XOx2.#
XooX.X....
oXoX%......
.W...D...D..
o..........D#


You could see 2 tentacled monstrosities, a meat beast, a tyrant, 3 eight-headed
meat hydras, a sculptor of flesh, a soul eater, 9 large abominations, 4 meat
berserkers, 2 small abominations, 6 bags of meat and 3 crawling corpses.

Vanquished Creatures
  A hell beast (D)
  A greater mummy (D)
  A wraith (D)
  8 vampire knights (D)
  20 ogres (D)
  8 two-headed ogres (D)
  A lich (D)
  32 orcs (D)
  2 skeletal warriors (D)
  A large abomination (D)
  7 crawling corpses (D)
82 creatures vanquished.

Vanquished Creatures (others)
  An ogre (D)
  A two-headed ogre (D)
  A hydra (D)
  5 orcs (D)
  6 crawling corpses (D)
14 creatures vanquished.

Grand Total: 96 creatures vanquished

Notes
Turn   | Place    | Note
-------+----------+-------------------------------------------
     0 | D        | Found the +∞ Axe of Woe
     0 | D        | Fang the Minotaur Gladiator began the quest for the Orb.
     0 | D        | Reached XP level 1. HP: 18/18 MP: 0/0
     4 | D        | Became a worshipper of Makhleb the Destroyer
     5 | D        | Noticed a bag of meat
     6 | D        | Noticed a bag of meat
     7 | D        | Noticed a bag of meat
     7 | D        | Noticed a meat berserker
     8 | D        | Killed a meat berserker
     8 | D        | Reached XP level 2. HP: 45/45 MP: 1/1
     8 | D        | Reached XP level 3. HP: 51/51 MP: 2/2
     8 | D        | Reached XP level 4. HP: 59/59 MP: 3/3
     8 | D        | Reached XP level 5. HP: 66/66 MP: 4/4
     8 | D        | Reached XP level 6. HP: 73/73 MP: 5/5
     8 | D        | Reached XP level 7. HP: 80/80 MP: 6/6
     8 | D        | Reached XP level 8. HP: 88/88 MP: 7/7
     8 | D        | Reached XP level 9. HP: 94/94 MP: 8/8
     8 | D        | Reached XP level 10. HP: 102/102 MP: 9/9
     8 | D        | Reached XP level 11. HP: 108/108 MP: 10/10
     8 | D        | Reached XP level 12. HP: 116/116 MP: 11/11
     8 | D        | Reached XP level 13. HP: 123/123 MP: 12/12
    10 | D        | Killed a bag of meat
    10 | D        | Reached * piety under Makhleb
    10 | D        | Reached skill level 15 in Fighting
    11 | D        | Noticed a bag of meat
    11 | D        | Killed a bag of meat
    11 | D        | Reached skill level 27 in Axes
    11 | D        | Reached XP level 14. HP: 98/137 MP: 13/13
    11 | D        | Killed a bag of meat
    12 | D        | Noticed a bag of meat
    13 | D        | Noticed a bag of meat
    14 | D        | Noticed a meat berserker
    15 | D        | Noticed a bag of meat
    15 | D        | Killed a bag of meat
    15 | D        | Reached ** piety under Makhleb
    15 | D        | Reached skill level 27 in Dodging
    15 | D        | Reached XP level 15. HP: 121/155 MP: 14/14
    19 | D        | Reached skill level 5 in Armour
    20 | D        | Noticed a large bag of meat
    21 | D        | Killed a meat berserker
    21 | D        | Reached *** piety under Makhleb
    21 | D        | Reached skill level 27 in Fighting
    21 | D        | Reached skill level 10 in Armour
    21 | D        | Reached XP level 16. HP: 159/183 MP: 15/15
    22 | D        | Killed a large bag of meat
    22 | D        | Reached skill level 27 in Throwing
    22 | D        | Reached XP level 17. HP: 121/191 MP: 16/16
    23 | D        | Noticed a meat berserker
    23 | D        | Noticed a meat berserker
    24 | D        | Noticed a meat berserker
    25 | D        | Noticed a meat berserker
    25 | D        | Noticed a meat berserker
    26 | D        | Noticed a large bag of meat
    26 | D        | Noticed a meat berserker
    26 | D        | Noticed a large bag of meat
    26 | D        | Killed a meat berserker
    26 | D        | Reached **** piety under Makhleb
    26 | D        | Reached skill level 27 in Armour
    27 | D        | Noticed a meat berserker
    27 | D        | Noticed a meat berserker
    28 | D        | Killed a meat berserker
    28 | D        | Reached XP level 18. HP: 176/200 MP: 16/29
    28 | D        | Killed a meat berserker
    28 | D        | Reached skill level 15 in Invocations
    29 | D        | Reached skill level 15 in Stealth
    29 | D        | Reached XP level 19. HP: 207/207 MP: 16/34
    30 | D        | Noticed a meat berserker
    30 | D        | Killed a meat berserker
    31 | D        | Noticed a large bag of meat
    31 | D        | Killed a meat berserker
    31 | D        | Reached ***** piety under Makhleb
    31 | D        | Reached skill level 15 in Spellcasting
    32 | D        | Killed a meat berserker
    32 | D        | Reached XP level 20. HP: 216/216 MP: 16/40
    33 | D        | Killed a meat berserker
    34 | D        | Noticed a large bag of meat
    34 | D        | Noticed a destroyer
    35 | D        | Noticed a destroyer
    35 | D        | Killed a large bag of meat
    35 | D        | Reached skill level 27 in Unarmed Combat
    35 | D        | Reached XP level 21. HP: 192/224 MP: 17/43
    36 | D        | Reached skill level 27 in Invocations
    37 | D        | Killed a large bag of meat
    37 | D        | Reached skill level 27 in Stealth
    37 | D        | Killed a destroyer
    37 | D        | Reached skill level 27 in Spellcasting
    37 | D        | Reached XP level 22. HP: 233/233 MP: 17/52
    38 | D        | Reached ****** piety under Makhleb
    40 | D        | Killed a destroyer
    41 | D        | Reached XP level 23. HP: 120/240 MP: 18/53
    43 | D        | Noticed a destroyer
    44 | D        | Noticed a destroyer
    45 | D        | Noticed a destroyer
    51 | D        | Noticed a tyrant
    51 | D        | Noticed a destroyer
    52 | D        | Killed a large bag of meat
    53 | D        | Noticed a large bag of meat
    53 | D        | Killed a destroyer
    53 | D        | Reached XP level 24. HP: 141/249 MP: 21/53
    53 | D        | Killed a destroyer
    54 | D        | Noticed a large bag of meat
    54 | D        | Noticed a destroyer
    56 | D        | Killed a destroyer
    58 | D        | Killed a destroyer
    58 | D        | Reached XP level 25. HP: 257/257 MP: 22/53
    59 | D        | Killed a large bag of meat
    59 | D        | Killed a destroyer
    60 | D        | Killed a tyrant
    61 | D        | Killed a large bag of meat
    62 | D        | Killed a large bag of meat
    63 | D        | Noticed a destroyer
    64 | D        | Reached XP level 26. HP: 208/266 MP: 24/53
    66 | D        | Noticed an accursed
    66 | D        | Killed a destroyer
    69 | D        | Noticed a tyrant
    69 | D        | Reached XP level 27. HP: 273/273 MP: 25/53
    70 | D        | Noticed a meat beast
    70 | D        | Noticed a dread
    70 | D        | Noticed a large bag of meat
    70 | D        | Noticed a large bag of meat
    73 | D        | Killed a meat beast
    77 | D        | Noticed a dread
    77 | D        | Killed a large bag of meat
    78 | D        | Killed a large bag of meat
    78 | D        | HP: 11/273 [??? (8)]
    80 | D        | Killed a dread
    81 | D        | Killed an accursed
    83 | D        | Noticed a meat beast
    83 | D        | Killed from afar by a tyrant

Skill      XL: |  1  2  3  4  5  6  7  8  9 10 11 12 13 14 15 16 17 18 19 20 21 |
---------------+----------------------------------------------------------------+-----
Fighting       | 13 16 20 27 | 27.0
Axes           | 23 27 | 27.0
Throwing       | 11 13 16 23 27 | 27.0
Dodging        | 21 24 27 | 27.0
Armour         | 2 10 16 27 | 27.0
Stealth        | 11 15 21 24 27 | 27.0
Unarmed Combat | 13 18 24 27 | 27.0
Spellcasting   | 8 12 17 19 27 | 27.0
Invocations    | 12 16 22 26 27 | 27.0

Action                   |  1- 3 |  4- 6 |  7- 9 | 10-12 | 13-15 | 16-18 | 19-21 | 22-24 | 25-27 || total
-------------------------+-------+-------+-------+-------+-------+-------+-------+-------+-------++-------
Melee: Executioner's axe |     1 |       |       |       |     5 |     5 |     8 |    17 |    19 ||    55
Dodge: Dodged            |     1 |       |       |       |       |     3 |       |       |     5 ||     9
